 Dungeon Crawl Stone Soup version bcrawl-1.12.1 (webtiles) character file.

Game seed: 14247817748510919720

163 Deemzul the Chopper (level 5, -1/42 HPs)
             Began as a Demonspawn Berserker on July 15, 2019.
             Was a Believer of Trog.
             Slain by a bullfrog skeleton (3 damage)
             ... on level 4 of the Dungeon.
             The game lasted 00:03:43 (3370 turns).

Deemzul the Chopper (Demonspawn Berserker)          Turns: 3370, Time: 00:03:43

Health: -1/42      AC:  4    Str: 17 (18) XL:     5   Next: 20%
Magic:  5/5        EV: 12    Int:  6 (9)  God:    Trog [**....]
Gold:   180        SH:  0    Dex: 11 (14) Spells: 4/4 levels left

rFire    . . .     SeeInvis .   k - +0 short sword (venom)
rCold    . . .     Gourm    .   (no shield)
rNeg     . . .     Faith    .   b - +0 animal skin
rPois    .         Spirit   .   (helmet restricted)
rElec    .         Reflect  .   (no cloak)
rCorr    .         Harm     .   f - +0 pair of gloves
MR       .....                  n - +0 pair of boots
Stlth    ++........             (no amulet)
HPRegen  0.14/turn              (no ring)
MPRegen  0.09/turn              (no ring)

@: no status effects
A: antennae 2, talons 1, agile 1, nightstalker 1
a: Berserk, Trog's Hand, Renounce Religion


You were on level 4 of the Dungeon.
You worshipped Trog.
Trog was pleased with you.
You were near starving.

You visited 1 branch of the dungeon, and saw 4 of its levels.

You collected 180 gold pieces.

Inventory:

Hand Weapons
 a - a +0 hand axe
 k - a +0 short sword of venom (weapon)
Armour
 b - a +0 animal skin (worn)
 f - a +0 pair of gloves (worn)
 n - a +0 pair of boots (worn)
Scrolls
 e - a scroll of teleportation {unknown}
 h - 2 scrolls of enchant armour {unknown}
 i - a scroll of fear {unknown}
 j - 3 scrolls of remove curse {unknown}
 l - a scroll of magic mapping {unknown}
 o - a scroll of fog {unknown}
 p - a scroll of identify {unknown}
Potions
 m - a potion of degeneration
Comestibles
 c - 8 rations {!d}


   Skills:
 + Level 3.8 Fighting
 * Level 4.1 Axes
 + Level 2.3 Armour
 + Level 2.7 Dodging
 - Level 0.2 Stealth


You had 4 spell levels left.
You didn't know any spells.
Your spell library was empty.

Dungeon Overview and Level Annotations

Branches:
Dungeon (4/12)
 Temple: D:4-7

Altars:
Kikubaaqudgha


Innate Abilities, Weirdness & Mutations

You have a pair of antennae on your head.
You have sharp toenails.
You are slightly more attuned to the shadows.
You are agile. (Dex +2)


Message History

The bullfrog skeleton moves out of view.
There is a stone staircase leading down here.
The bullfrog skeleton barely misses you.
The phantom blinks!
The bullfrog skeleton hits you.
* * * LOW HITPOINT WARNING * * *
It was a potion of curing.
You feel better.
The bullfrog skeleton hits you but does no damage.
You closely miss the phantom.
The bullfrog skeleton closely misses you.
The phantom hits you!
* * * LOW HITPOINT WARNING * * *
The bullfrog skeleton hits you but does no damage.
It was a potion of mutation.
You feel extremely strange.
The antennae on your head grow some more.
You feel agile.
The bullfrog skeleton hits you but does no damage.
The phantom closely misses you.
The phantom hits you but does no damage.
The phantom blinks!
The bullfrog skeleton hits you.
You die...

#... #...# #...#
#####...#####
#..W........##
............#
.......@..).#
###..Z####.# #.§H#
#.# #.o.# #o#
##...####o######.##
#...o..##o..H.oo...
###.#.##§#########.##
.######........#
........#...#..#


You could see a hippogriff, a phantom, 2 orcs and a bullfrog skeleton.

Vanquished Creatures
  An orc priest (D:3)
  3 adders (D:3)
  An ooze (D:2)
  7 worms
  2 leopard geckos (D:2)
  12 orcs
  3 ball pythons
  4 giant cockroaches
  6 hobgoblins
  2 jackals (D:3)
  2 quokkas
  4 bats (D:1)
  2 frilled lizards
  6 goblins
  8 kobolds
  7 rats
70 creatures vanquished.

Notes
Turn   | Place    | Note
-------+----------+-------------------------------------------
     0 | D:1      | Deemzul the Demonspawn Berserker began the quest for the
                  | Orb.
     0 | D:1      | Reached XP level 1. HP: 18/18 MP: 1/1
   224 | D:1      | Reached skill level 3 in Axes
   224 | D:1      | Gained mutation: You have a pair of small antennae on your
                  | head. [demonic ancestry]
   224 | D:1      | Reached XP level 2. HP: 12/24 MP: 2/2
  1168 | D:2      | Reached XP level 3. HP: 29/29 MP: 3/3
  1215 | D:3      | Reached ** piety under Trog
  1541 | D:2      | Found a faded altar of an unknown god.
  1920 | D:2      | Gained mutation: You are slightly more attuned to the
                  | shadows. [demonic ancestry]
  1920 | D:2      | Reached XP level 4. HP: 35/35 MP: 4/4
  2011 | D:2      | Found an ancient bone altar of Kikubaaqudgha.
  2588 | D:3      | Reached skill level 4 in Axes
  2588 | D:3      | Gained mutation: You have sharp toenails. [demonic
                  | ancestry]
  2588 | D:3      | Reached XP level 5. HP: 35/42 MP: 5/5
  3258 | D:4      | Noticed a hippogriff
  3331 | D:4      | Noticed a phantom
  3343 | D:4      | HP: 2/42 [orc/cursed -2 hand axe (6)]
  3364 | D:4      | HP: 1/42 [bullfrog skeleton (4)]
  3368 | D:4      | Gained mutation: You have a pair of antennae on your head.
                  | [potion of mutation]
  3368 | D:4      | Gained mutation: You are agile. (Dex +2) [potion of
                  | mutation]
  3370 | D:4      | Slain by a bullfrog skeleton

Skill      XL: |  1  2  3  4 |
---------------+-------------+-----
Axes           | 3 4 |  4.1
Dodging        | 2 |  2.7
Armour         | 2 |  2.3
Fighting       | |  3.8
Stealth        | |  0.2

Action                   |  1- 3 |  4- 6 || total
-------------------------+-------+-------++-------
Melee: Hand axe          |   105 |    75 ||   180
       Short sword       |    34 |    22 ||    56
Invok: Berserk           |     1 |     1 ||     2
  Use: Potion            |       |     3 ||     3
 Stab: Sleeping          |     1 |     3 ||     4
  Eat: Chunk             |     4 |     4 ||     8
Armor: Animal skin       |    44 |    22 ||    66
Dodge: Dodged            |    95 |    70 ||   165
